 Dungeon Sprint DCSS version 0.30-a0-1161-g0704695555 (webtiles) character file.

Game seed: 4753052289283752540

2291 123456 the Fighter (level 9, -6/96 HPs)
             Began as a Minotaur Fighter on Apr 27, 2023.
             Was an Initiate of Gozag.
             Mangled by a boulder beetle (9 damage)
             ... in the Dungeon (Sprint IX: "|||||||||||||||||||||||||||||").
             The game lasted 00:01:30 (512 turns).

123456 the Fighter (Minotaur Fighter)                Turns: 512, Time: 00:01:31

Health: -6/96      AC: 21    Str: 21    XL:     9   Next: 17%
Magic:  8/8        EV: 14    Int:  5    God:    Gozag
Gold:   387        SH:  0    Dex: 20    Spells: 8/8 levels left

rFire   . . .        n - +2 dire flail (protect)
rCold   . . .        (shield currently unavailable)
rNeg    . . .        c - +1 chain mail
rPois   .            (helmet restricted)
rElec   .            (no cloak)
rCorr   .            a - +0 pair of gloves
SInv    .            (no boots)
Will    .....        (no amulet) Stlth
                     o - +3 ring of dexterity
HPRegen 0.36/turn    p - +3 ring of dexterity
MPRegen 0.11/turn

%: no teleportation
@: gold aura, under a protective aura
A: horns 2, retaliatory headbutt
a: Renounce Religion, Potion Petition, Call Merchant, Bribe Branch


You were in the Dungeon.
You worshipped Gozag.
Gozag was aware of your devotion.
You visited 1 branch You collected 387 gold pieces.

Inventory:

Hand Weapons
 n - a +2 dire flail of protection (weapon)
Armour
 a - a +0 pair of gloves (worn)
 c - a +1 chain mail (worn)
Jewellery
 o - a +3 ring of dexterity (left hand)
 p - a +3 ring of dexterity (right hand)
Wands
 m - a wand of light (10)
Scrolls
 j - 2 scrolls of blinking
 l - 2 scrolls of amnesia
Potions
 d - a potion of might
 e - 5 potions of curing
 f - 3 potions of heal wounds
 g - a potion of haste
 h - 4 potions of magic
 i - a potion of berserk rage
 k - a potion of invisibility


   Skills:
 * Level 14.8 Fighting
 * Level 14.5 Maces & Flails
 + Level 10.8 Armour
 + Level 9.4 Dodging
 - Level 3.6 Shields


You had 8 spell levels left.
You didn't know any spells.
Your spell library was empty.

Dungeon Overview and Level Annotations

Branches:
Dungeon (1/1)

Altars:
Cheibriados
Dithmenos
Elyvilon
Fedhas
Gozag
Hepliaklqana
Kikubaaqudgha
Makhleb
Nemelex Xobeh
Okawaru
Qazlal
Ru
Sif Muna
Trog
Uskayaw
Vehumet
Wu Jian
Xom
Yredelemnul
Zin
The Shining One
Jiyva
Lugonu


Innate Abilities, Weirdness & Mutations

You have a pair of horns on your head.
You reflexively headbutt those who attack you in melee.


Message History

The boulder beetle curls into a ball and begins rolling!
You have reached level 9!
Your experience leads to an increase in your attributes!
Your base attributes are Str 21, Int 5, Dex 12.
Increase (S)trength, (I)ntelligence, or (D)exterity?
You feel agile. x2
Unknown command.
Unknown command.
The boulder beetle hits you!!
* * * LOW HITPOINT WARNING * * *
The boulder beetle stops rolling and uncurls.
You see here 198 gold pieces.
You hit the boulder beetle.
The boulder beetle is lightly wounded.
The boulder beetle misses you.
You hit the boulder beetle but do no damage.
The boulder beetle is lightly wounded.
You hit the boulder beetle but do no damage.
You headbutt the boulder beetle!
The boulder beetle is lightly wounded.
The boulder beetle bites you but does no damage.
You hit the boulder beetle but do no damage.
The boulder beetle is lightly wounded.
Unknown command.
Unknown command.
You hit the boulder beetle but do no damage.
The boulder beetle is lightly wounded.
The boulder beetle bites you!
* * * LOW HITPOINT WARNING * * *
You puncture the boulder beetle!
You headbutt the boulder beetle, but do no damage.
The boulder beetle is moderately wounded.
The boulder beetle bites you but does no damage.
You hit the boulder beetle but do no damage.
The boulder beetle is moderately wounded.
You hit the boulder beetle but do no damage.
The boulder beetle is moderately wounded.
The boulder beetle bites you!
You die...
Your body crumbles into a pile of gold. ▓▓▓▓▓▓▓▓▓▓▓▓▓▓▓▓▓▓▓▓▓▓▓▓ .....yB@$.).))[..[..[..' ▓▓▓▓▓▓▓▓▓▓▓▓▓▓▓▓▓▓▓▓▓▓▓▓ $ $ $$$$$ $ $ $ $$$$$

You could see a boulder beetle and a vampire mosquito.

Vanquished Creatures
  A two-headed ogre (D)
  An ugly thing (D)
  A manticore (D)
  A kobold demonologist (D)
  A slime creature (D)
  A yak (D)
  A golden eye (shapeshifter) (D)
  An ice beast (D)
  A howler monkey (D)
  2 gnoll boudas (D)
  A hound (D)
  An orc priest (D)
  An adder (D)
  An ufetubus (D)
  A hobgoblin (D)
  2 quokkas (D)
  2 ball pythons (D)
20 creatures vanquished.

Notes
Turn   | Place    | Note
-------+----------+-------------------------------------------
     0 | D        | 123456 the Minotaur Fighter began the quest for the Orb.
     0 | D        | Reached XP level 1. HP: 19/19 MP: 0/0
    18 | D        | Reached skill level 1 in Dodging
    72 | D        | Noticed an ice beast
    72 | D        | Noticed a hound
    72 | D        | Noticed an orc priest
    76 | D        | Reached XP level 2. HP: 23/28 MP: 1/1
    80 | D        | Reached skill level 5 in Fighting
    80 | D        | Reached skill level 5 in Maces & Flails
    80 | D        | Reached XP level 3. HP: 32/37 MP: 2/2
    90 | D        | Reached skill level 5 in Armour
    90 | D        | Reached XP level 4. HP: 27/45 MP: 3/3
    96 | D        | Killed an ice beast
    97 | D        | Reached XP level 5. HP: 25/55 MP: 4/4
   205 | D        | Found a snail-covered altar of Cheibriados.
   205 | D        | Found a shadowy altar of Dithmenos.
   205 | D        | Found a white marble altar of Elyvilon.
   205 | D        | Found a blossoming altar of Fedhas.
   205 | D        | Found an opulent altar of Gozag.
   206 | D        | Found a hazy altar of Hepliaklqana.
   207 | D        | Found a viscous altar of Jiyva.
   208 | D        | Found an ancient bone altar of Kikubaaqudgha.
   209 | D        | Found a corrupted altar of Lugonu.
   210 | D        | Found a burning altar of Makhleb.
   211 | D        | Found a sparkling altar of Nemelex Xobeh.
   212 | D        | Found an iron altar of Okawaru.
   213 | D        | Became a worshipper of Gozag Ym Sagoz the Greedy
   218 | D        | Found a stormy altar of Qazlal.
   219 | D        | Found a sacrificial altar of Ru.
   220 | D        | Found a shimmering blue altar of Sif Muna.
   221 | D        | Found a bloodstained altar of Trog.
   222 | D        | Found a hide-covered altar of Uskayaw.
   223 | D        | Found a radiant altar of Vehumet.
   224 | D        | Found an ornate altar of the Wu Jian Council.
   225 | D        | Found a shimmering altar of Xom.
   226 | D        | Found a basalt altar of Yredelemnul.
   227 | D        | Found a glowing silver altar of Zin.
   228 | D        | Found a glowing golden altar of the Shining One.
   285 | D        | Noticed a two-headed ogre
   285 | D        | Noticed a yak
   285 | D        | Noticed a kobold demonologist
   299 | D        | Killed a kobold demonologist
   300 | D        | Reached skill level 10 in Fighting
   300 | D        | Reached skill level 10 in Maces & Flails
   300 | D        | Reached XP level 6. HP: 61/67 MP: 5/5
   311 | D        | Killed a yak
   312 | D        | Reached XP level 7. HP: 66/74 MP: 6/6
   316 | D        | Killed a two-headed ogre
   317 | D        | Reached XP level 8. HP: 35/86 MP: 7/7
   472 | D        | Noticed a manticore
   472 | D        | Noticed a green ugly thing
   472 | D        | Noticed a boulder beetle
   472 | D        | Noticed a slime creature
   485 | D        | Killed a slime creature
   486 | D        | Reached skill level 10 in Armour
   498 | D        | Killed a green ugly thing
   503 | D        | Killed a manticore
   504 | D        | Reached XP level 9. HP: 40/96 MP: 8/8
   509 | D        | HP: 2/96 [boulder beetle (13)]
   512 | D        | Mangled by a boulder beetle

Illustrated notes

Levels and vault maps discovered:
D:        linesprint [early_d, line_temple, items_1, d_10, items_2, lair_1,
          lair_end, items_3, orc_1, orc_end, items_4, d_15, swamp_1, shoals_1,
          snake_1, spider_1, d_20, vaults_1, items_5, swamp_end, shoals_end,
          snake_end, spider_end, vaults_end, d_27, items_6, zot_1, zot_end,
          crypt_end, forest_end, elf_end, slime_end, tomb_end, abyss_end,
          pan_hell_end]

Skill      XL: |  1  2  3  4  5  6  7  8 |
---------------+-------------------------+-----
Fighting       | 4 5 6 8 10 11 13 14 | 14.8
Maces & Flails | 3 5 6 8 10 11 12 14 | 14.5
Dodging        | 1 2 3 4 6 8 9 |  9.4
Armour         | 4 5 6 7 8 9 10 | 10.8
Shields        | |  3.6

Action                     |  1- 3 |  4- 6 |  7- 9 || total
---------------------------+-------+-------+-------++-------
  Melee: Flail             |    34 |     7 |       ||    41
         Headbutt          |     7 |     8 |    12 ||    27
         Dire flail        |       |    24 |    37 ||    61
   Stab: Distracted        |       |       |     1 ||     1
 Armour: Scale mail        |    18 |     3 |       ||    21
         Chain mail        |       |     8 |     9 ||    17
  Dodge: Dodged            |    16 |    12 |    10 ||    38
  Block: Buckler           |     7 |     2 |       ||     9

Table legend: (Time is in decaauts)
 A = Elapsed time spent in this place.
 B = Non-inter-level travel time spent in this place.
 C = Inter-level travel time spent in this place.
 D = Time resting spent in this place.
 E = Time spent auto-exploring this place.
 F = Levels seen in this place.
 G = Mean time per level.
                   A        B        C        D        E       F      G
               +--------+--------+--------+--------+--------+-----+--------+
         Total |    503 |    503 |      0 |    277 |     20 |   1 |  503.0 |
       Dungeon |    503 |    503 |      0 |    277 |     20 |   1 |  503.0 |
               +--------+--------+--------+--------+--------+-----+--------+

Top non-repeatable levels by time:
       D: 503 daAuts
